 Dungeon Crawl Stone Soup version 0.22-a0-833-g8522bf8 (webtiles) character file.

9240 sking99 the Grappler (level 11, -20/113 HPs)
             Began as a Troll Hunter on July 25, 2018.
             Was a Believer of Ru.
             Engulfed by an ice statue's freezing vapour (25 damage)
             ... in an ice cave.
             The game lasted 00:17:25 (8637 turns).

sking99 the Grappler (Troll Hunter)                 Turns: 8637, Time: 00:17:26

Health: -20/113    AC:  9    Str: 25    XL:     11   Next: 20%
Magic:  10/10      EV: 10    Int:  7    God:    Ru [**....]
Gold:   498        SH:  0    Dex: 15    Spells: 10/10 levels left

rFire    . . .     SeeInvis .     - Unarmed
rCold    . . .     Gourm    +   (no shield)
rNeg     . . .     Faith    .   I - +0 steam dragon scales
rPois    .         Spirit   .   (helmet restricted)
rElec    .         Reflect  .   t - +0 cloak
rCorr    .         Harm     .   (gloves unavailable)
MR       .....                  (boots unavailable)
Stlth    ..........             (no amulet)
HPRegen  0.68/turn              H - +3 ring of strength
MPRegen  0.12/turn              G - +2 ring of dexterity

@: no status effects
A: large, unfitting armour, claws 3, fast metabolism 3, gourmand, regeneration
1, shaggy fur 1, tough skin 2, no stealth, magic vulnerability 1
a: Renounce Religion


You were in an ice cave.
You worshipped Ru.
Ru was pleased with you.
You were completely stuffed.

You visited 2 branches of the dungeon, and saw 12 of its levels.
You also visited: Ice Cave.

You collected 498 gold pieces.

Inventory:

Missiles
 c - 9 large rocks (quivered)
 d - 2 throwing nets
 i - 5 poisoned javelins
 K - 10 javelins
Armour
 b - a +0 robe
 t - a +0 cloak (worn)
 I - +0 steam dragon scales (worn)
Jewellery
 q - an uncursed ring of wizardry
 G - a +2 ring of dexterity (right claw)
 H - a +3 ring of strength (left claw)
Wands
 e - a wand of acid (10)
 k - a wand of flame (14)
 l - a wand of polymorph (18)
 o - a wand of iceblast (12)
 B - a wand of paralysis (14)
 F - a wand of digging (20)
Scrolls
 h - 4 scrolls of blinking
 m - a scroll of teleportation {unknown}
 r - 5 scrolls of remove curse
 u - a scroll of magic mapping
 v - 4 scrolls of fog
 x - a scroll of amnesia
 y - 2 scrolls of enchant weapon
 E - a scroll of noise {unknown}
 J - 4 scrolls of enchant armour {unknown}
Potions
 a - 3 potions of might
 g - 2 potions of magic
 j - a potion of brilliance {unknown}
 n - 2 potions of invisibility
 p - a potion of lignification
 s - a potion of curing
 w - a potion of heal wounds
 z - a potion of degeneration
 A - a potion of haste
 C - 2 potions of berserk rage
 D - a potion of flight {unknown}
Comestibles
 f - 16 rations
 L - 3 chunks of flesh


   Skills:
 + Level 8.7 Fighting
 - Level 3.6 Throwing
 + Level 2.2 Dodging
 * Level 13.7 Unarmed Combat


You had 10 spell levels left.
You didn't know any spells.
Your spell library contained the following spells:

 Spells                   Type           Power        Failure   Level  Hunger
 Apportation              Tloc           #.....       43%         1    ##.....
 Summon Small Mammal      Summ           #...         43%         1    ##.....
 Animate Skeleton         Necr           N/A          43%         1    ##.....
 Spider Form              Tmut/Pois      #.........   80%         3    ####...
 Blade Hands              Tmut           #.........   100%        5    ######.
 Ice Form                 Ice/Tmut       #.......     99%         4    #####..
 Confusing Touch          Hex            #.....       43%         1    ##.....
 Sticks to Snakes         Tmut           #.......     56%         2    ###....
 Beastly Appendage        Tmut           #.....       43%         1    ##.....


Dungeon Overview and Level Annotations

Branches:
Dungeon (11/15)            Temple (1/1) D:5            Lair (0/6) D:11
    Orc (0/2) D:10

Altars:
Ashenzari
Cheibriados
Dithmenos
Elyvilon
Fedhas
Gozag
Hepliaklqana
Kikubaaqudgha
Makhleb
Nemelex Xobeh
Okawaru
Qazlal
Ru
Sif Muna
Trog
Uskayaw
Vehumet
Wu Jian
Xom
Yredelemnul
Zin
The Shining One

Shops:
D:4 *

Annotations:
D:5 azzavlup's ghost, novice DsGl IceCv exclusion: ice statue


Innate Abilities, Weirdness & Mutations

You are too large for most types of armour.
You have claws for hands.
Your metabolism is lightning-fast.
You like to eat raw meat.
Your natural rate of healing is unusually fast.
You are covered in fur. (AC +1)
You have very tough skin. (AC +2)
You cannot be stealthy.
You are slightly vulnerable to magic. (MR-)


Message History

The ice statue gestures.
The ice statue gestures at you. The bolt of cold hits you!
You scratch the ice statue but do no damage.
The ice statue gestures at you. The freezing blast engulfs you!
You claw the ice statue!
The ice statue is lightly damaged.
You are engulfed in freezing vapours.
The ice beast hits you. The ice beast freezes you!
You are engulfed in freezing vapours.
* * * LOW HITPOINT WARNING * * *
The ice beast closely misses you.
You are engulfed in freezing vapours.
* * * LOW HITPOINT WARNING * * *
The ice statue gestures at you.
The freezing blast engulfs the ice beast.
The ice beast completely resists.
You are engulfed in freezing vapours.
You die...

#..#......#
#..###....#
##..###.#∩#
#...#######
##..##
##.##
##..###...#
##......##
#....#..#
##.###§@#
######§#
##§##Y##
#..§§§#
#.§8§.§##
#..#..####
#. #.# ##


You could see an ice beast.

Vanquished Creatures
  A two-headed ogre (D:8)
  An unseen horror (D:10)
  A gargoyle (D:10)
  2 ice devils (D:11)
  2 polar bears (IceCv)
  A hippogriff (D:7)
  A wraith (D:10)
  4 yaks (D:10)
  2 wyverns
  Eustachio (D:4)
  A steam dragon (D:8)
  The ghost of MordorOrchid the Digger, an amateur DrEE (D:3)
  A water moccasin (D:9)
  2 orc warriors
  7 ice beasts
  A necrophage (D:6)
  4 wolves (IceCv)
  2 sky beasts
  7 ogres
  2 phantoms
  5 centaurs
  A bullfrog (D:6)
  A crocodile (D:10)
  2 big kobolds
  A gnoll sergeant (D:9)
  5 killer bees (D:10)
  5 scorpions
  4 wights (D:8)
  2 electric eels (D:10)
  A howler monkey (D:9)
  6 crimson imps
  A bullfrog zombie (D:8)
  6 orc priests
  2 quasits
  A bullfrog skeleton (D:6)
  2 centaur skeletons
  Crazy Yiuf (D:4)
  7 hounds
  7 orc wizards
  2 iguanas
  Natasha (D:4)
  5 worker ants
  2 killer bee zombies
  2 hound zombies
  2 worker ant zombies
  6 gnolls
  A howler monkey skeleton (D:4)
  12 adders
  A shadow imp (D:6)
  2 oozes
  An adder skeleton (D:5)
  3 worms
  3 dart slugs
  5 leopard geckos
  45 orcs
  4 giant cockroaches
  10 goblins
  9 hobgoblins
  12 jackals
  10 kobolds
  A quokka (D:5)
  5 ball pythons
  5 bats
  5 frilled lizards
  A leopard gecko skeleton (D:4)
  A quokka zombie (D:6)
  5 rats
  2 fungi (D:4)
267 creatures vanquished.

Vanquished Creatures (others)
  A plant (D:11)
1 creature vanquished.

Grand Total: 268 creatures vanquished

Notes
Turn   | Place    | Note
-------+----------+-------------------------------------------
     0 | D:1      | sking99 the Troll Hunter began the quest for the Orb.
     0 | D:1      | Reached XP level 1. HP: 19/19 MP: 0/0
    94 | D:1      | Reached skill level 1 in Unarmed Combat
   129 | D:1      | Reached XP level 2. HP: 28/28 MP: 1/1
   706 | D:2      | Reached skill level 2 in Unarmed Combat
   794 | D:2      | Reached XP level 3. HP: 35/35 MP: 2/2
   842 | D:2      | Found a radiant altar of Vehumet.
   865 | D:2      | Found a hazy altar of Hepliaklqana.
  1308 | D:3      | Reached skill level 3 in Unarmed Combat
  1308 | D:3      | Reached XP level 4. HP: 44/44 MP: 3/3
  1369 | D:3      | Found a runed door.
  1376 | D:3      | Noticed MordorOrchid's ghost (amateur DrEE)
  1420 | D:3      | Killed MordorOrchid's ghost
  1420 | D:3      | Reached skill level 4 in Unarmed Combat
  1420 | D:3      | Reached XP level 5. HP: 34/53 MP: 4/4
  1716 | D:3      | Found an ornate altar of the Wu Jian Council.
  1916 | D:4      | Noticed an ogre
  1922 | D:4      | Killed an ogre
  1922 | D:4      | Reached skill level 5 in Unarmed Combat
  1922 | D:4      | Reached XP level 6. HP: 37/61 MP: 5/5
  2038 | D:4      | Found Coezoriv's Assorted Antiques.
  2326 | D:4      | Noticed Natasha
  2332 | D:4      | Killed Natasha
  2364 | D:4      | Found a blossoming altar of Fedhas.
  2421 | D:4      | Noticed Eustachio
  2428 | D:4      | Killed Eustachio
  2428 | D:4      | Reached XP level 7. HP: 68/68 MP: 6/6
  2602 | D:4      | Found a runed door.
  2606 | D:4      | Noticed Crazy Yiuf
  2619 | D:4      | Killed Crazy Yiuf
  2619 | D:4      | Reached skill level 6 in Unarmed Combat
  2717 | D:5      | Entered Level 5 of the Dungeon
  2891 | D:5      | Reached skill level 7 in Unarmed Combat
  3038 | D:5      | Found a staircase to the Ecumenical Temple.
  3173 | D:5      | Reached XP level 8. HP: 55/79 MP: 7/7
  3603 | D:5      | Found a runed door.
  3614 | D:5      | Noticed azzavlup's ghost (novice DsGl)
  3871 | Temple   | Entered the Ecumenical Temple
  4095 | Temple   | Became a worshipper of Ru the Awakened
  4155 | D:5      | Reached skill level 5 in Fighting
  4155 | D:5      | Reached skill level 8 in Unarmed Combat
  4451 | D:6      | Reached skill level 9 in Unarmed Combat
  5029 | D:7      | Noticed a hippogriff
  5053 | D:7      | Killed a hippogriff
  5053 | D:7      | Reached XP level 9. HP: 43/89 MP: 8/8
  5211 | D:7      | Gained mutation: You cannot be stealthy. [Ru sacrifice]
  5651 | D:8      | Found a deep blue altar of Sif Muna.
  5651 | D:8      | Found a white marble altar of Elyvilon.
  5659 | D:8      | Reached skill level 10 in Unarmed Combat
  5789 | D:8      | Noticed a two-headed ogre
  5803 | D:8      | Killed a two-headed ogre
  5803 | D:8      | Reached skill level 11 in Unarmed Combat
  5815 | D:8      | Found a hide-covered altar of Uskayaw.
  6092 | D:8      | Reached XP level 10. HP: 102/102 MP: 9/9
  6100 | D:8      | Found a basalt altar of Yredelemnul.
  6298 | D:8      | Found a shimmering altar of Xom.
  6298 | D:8      | Found a sparkling altar of Nemelex Xobeh.
  6298 | D:8      | Found a snail-covered altar of Cheibriados.
  6301 | D:8      | Found an ancient bone altar of Kikubaaqudgha.
  6302 | D:8      | Found a bloodstained altar of Trog.
  6661 | D:9      | Reached skill level 12 in Unarmed Combat
  6924 | D:9      | Gained mutation: You are slightly vulnerable to magic. (MR-) [Ru sacrifice]
  6924 | D:9      | Reached * piety under Ru
  6924 | D:9      | Reached ** piety under Ru
  7154 | D:10     | Entered Level 10 of the Dungeon
  7733 | D:10     | Killed an unseen horror
  7733 | D:10     | Reached skill level 13 in Unarmed Combat
  7885 | D:10     | Noticed a gargoyle
  7888 | D:10     | Killed a gargoyle
  7903 | D:10     | Found a staircase to the Orcish Mines.
  7965 | D:10     | Reached XP level 11. HP: 113/113 MP: 10/10
  8339 | D:11     | Noticed a six-headed hydra
  8385 | D:11     | Found a frozen archway.
  8533 | IceCv    | Entered an ice cave
  8634 | IceCv    | HP: 3/113 [ice statue] (21)]
  8637 | IceCv    | Engulfed by an ice statue's freezing vapour

Vault maps used:
D:1:      lemuel_arrival_hallway
D:2:      fiery_altar_vehumet, lemuel_round_altar
D:3:      lemuel_crystal_altar, first_ration, ebering_ghost_sewer_d,
          solitary_fountain
D:4:      kennysheep_mini_moat, serial_shops, shop, uniq_eustachio,
          uniq_natasha, uniq_crazy_yiuf_cottage
D:5:      minmay_temple_entry_statues, ebering_ghost_reflecting_pool
D:8:      minitemple, nicolae_overflow_crystal_walls,
          lemuel_coloured_pillars_altar
D:10:     cheibrodos_helix_gallery, serial_park, serial_park_paths,
          serial_park_square2
D:11:     david_lair_shrubbed, portal_ice_cave_demonic_guard
Temple:   jpeg_temple_island
IceCv:    ice_cave_caverns_03

Skill      XL: |  1  2  3  4  5  6  7  8  9 10 11 |
---------------+----------------------------------+-----
Unarmed Combat | 1 2 3 4 5 7 9 11 13 | 13.7
Fighting       | 2 3 4 5 7 8 |  8.7
Dodging        | 2 |  2.2
Throwing       | |  3.6

Action                   |  1- 3 |  4- 6 |  7- 9 | 10-12 || total
-------------------------+-------+-------+-------+-------++-------
Melee: Unarmed           |   116 |    74 |   320 |   264 ||   774
       Punch             |     1 |     1 |    21 |    15 ||    38
Throw: Large rock        |       |       |       |     2 ||     2
Invok: Sacrifice Stealth |       |       |     1 |       ||     1
       Sacrifice Essence |       |       |       |     1 ||     1
  Use: Scroll            |       |    11 |       |     6 ||    17
       Potion            |       |       |     1 |     1 ||     2
 Stab: Sleeping          |       |     1 |     2 |       ||     3
       Invisible         |       |       |       |     2 ||     2
  Eat: Chunk             |    18 |     7 |    37 |    23 ||    85
Armor: Robe              |    36 |    19 |    52 |       ||   107
       Steam dragon scal |       |       |    10 |    95 ||   105
       Skin              |       |       |     3 |    55 ||    58
Dodge: Dodged            |    61 |    29 |   122 |    95 ||   307

Table legend:
 A = Spawn XP
 B = Non-spawn XP
 C = Spawn XP percentage of total XP
 D = Spawn monster count
 E = Non-spawn monster count
 F = Spawn count percentage of total count
 G = Total turns spent on level
                    A         B        C        D         E        F      G
               +---------+---------+-------+---------+---------+-------+---------
         Total |       0 |   13200 |   0.0 |       0 |     265 |   0.0 |  8637
               +---------+---------+-------+---------+---------+-------+---------
           D:1 |       0 |      21 |   0.0 |       0 |      12 |   0.0 |   557
           D:2 |       0 |      39 |   0.0 |       0 |      22 |   0.0 |   557
           D:3 |       0 |     293 |   0.0 |       0 |      23 |   0.0 |   788
           D:4 |       0 |     435 |   0.0 |       0 |       9 |   0.0 |   815
           D:5 |       0 |    1038 |   0.0 |       0 |      35 |   0.0 |  1210
           D:6 |       0 |     699 |   0.0 |       0 |      19 |   0.0 |   665
           D:7 |       0 |     476 |   0.0 |       0 |      14 |   0.0 |   583
           D:8 |       0 |    2662 |   0.0 |       0 |      40 |   0.0 |  1069
           D:9 |       0 |    1633 |   0.0 |       0 |      29 |   0.0 |   815
          D:10 |       0 |    4135 |   0.0 |       0 |      53 |   0.0 |  1033
          D:11 |       0 |     696 |   0.0 |       0 |       3 |   0.0 |   184
         IceCv |       0 |    1073 |   0.0 |       0 |       6 |   0.0 |   104
               +---------+---------+-------+---------+---------+-------+---------
